Map: Overgrowth LE (Void)

Players

NoRegreT

  • Race: Zerg Zerg
  • League: Master
  • Spawn Location: 7:00

Elazer - Winner!

  • Race: Zerg Zerg
  • League: Grandmaster
  • Spawn Location: 1:00

Event: NationWars IV

VOD

Have the link to the VOD?

Description

Time

  • Played on: Jan. 21, 2017, 10 a.m.
  • Length: 7:02
Show
View Real Time Build Order
Export as new Build Order

NoRegreT Zerg 

Build Orders: Hatch First, Zergling Baneling 

Get SALT Encoding   

  12  0:00  Drone  
  13  0:13  Drone  
  14  0:21  Overlord  
  14  0:39  Drone x3  
  17  0:54  Hatchery  
  17  0:57  Drone  
  17  1:02  Drone  
  18  1:10  Extractor  
  17  1:16  Spawning Pool, Drone  
  17  1:22  Drone  
  18  1:35  Drone  
  19  1:44  Overlord  
  19  1:55  Drone  
  20  2:02  Queen  
  20  2:05  Queen  
  20  2:06  Drone x2  
  26  2:12  Metabolic Boost  
  26  2:16  Zergling x2  
  26  2:18  Drone  
  28  2:27  Drone  
  28  2:28  Drone  
  30  2:39  Drone x2  
  32  2:46  Baneling Nest  
  32  2:48  Drone  
  32  2:49  Drone  
  33  2:59  Zergling x4  
  33  3:00  Hatchery  
  34  3:10  Zergling x4  
  34  3:12  Overlord  
  35  3:15  Zergling x2  
  35  3:19  Evolution Chamber  
  35  3:20  Zergling x2  
  35  3:26  Zergling x4  
  36  3:31  Zergling x2  
  36  3:32  Zergling x4  
  34  3:37  Zergling x4  
  34  3:41  Zergling x6  
  31  3:51  Zergling x6  
  31  3:52  Zergling x2  
  34  3:57  Zergling x2  
  34  4:01  Zergling x2  
  36  4:04  Zergling x2  
  37  4:10  Baneling x2  
  37  4:12  Zergling x2  
  38  4:17  Zergling x2  
  38  4:22  Zergling x2  
  40  4:29  Baneling x3  
  39  4:32  Zergling x4  
  39  4:34  Baneling  
  39  4:35  Baneling x4  
  36  4:48  Zergling x6  
  36  4:50  Zergling x2  
  37  4:57  Zergling x2  
  37  4:58  Zergling x2  
  35  5:00  Zergling x2  
  35  5:03  Zergling x2  
  34  5:13  Drone x2  
  32  5:18  Baneling x3  
  32  5:26  Drone x2  
  34  5:32  Zergling x2  
  35  5:36  Zergling x2  
  35  5:42  Zergling x2  
  31  5:46  Zergling x2  
  31  5:47  Zergling x2  
  31  5:49  Baneling  
  33  5:50  Zergling x2  
  33  5:51  Queen  
  33  5:53  Zergling x2  
  33  5:59  Baneling  
  33  6:05  Zergling x4  
  29  6:13  Zergling x2  
  29  6:15  Zergling x2  
  29  6:17  Zergling x2  
  32  6:21  Zergling x2  
  32  6:23  Zergling x2  
  34  6:27  Zergling x2  
  34  6:30  Zergling x2  
  34  6:32  Zergling x2  
  37  6:35  Zergling x2  
Show
View Real Time Build Order
Export as new Build Order

Elazer Zerg - Winner!

Build Orders: Pool First, Zergling Baneling 

Get SALT Encoding   

  12  0:00  Drone  
  13  0:12  Overlord  
  13  0:17  Drone  
  14  0:30  Drone x2  
  14  0:34  Drone  
  17  0:44  Extractor  
  17  0:45  Drone  
  17  0:48  Spawning Pool  
  16  0:55  Drone  
  17  1:06  Drone  
  18  1:16  Hatchery  
  17  1:22  Drone  
  18  1:37  Zergling x2, Queen  
  21  1:45  Drone  
  21  1:46  Metabolic Boost  
  22  1:50  Overlord  
  22  2:07  Baneling Nest  
  22  2:08  Drone  
  22  2:12  Queen  
  22  2:15  Drone  
  25  2:25  Drone  
  26  2:35  Drone  
  26  2:37  Zergling x2  
  28  2:44  Zergling x6  
  28  2:45  Zergling x4  
  28  2:50  Zergling x2  
  28  2:51  Baneling x2  
  34  2:57  Overlord  
  34  3:00  Drone  
  35  3:08  Drone  
  36  3:16  Drone  
  36  3:17  Drone x2  
  36  3:19  Drone  
  40  3:25  Baneling  
  39  3:28  Zergling x6  
  39  3:32  Zergling x4  
  42  3:38  Zergling x4  
  43  3:45  Zergling x2  
  43  3:47  Zergling x2  
  44  3:51  Hatchery  
  44  3:55  Baneling x2  
  41  3:56  Queen  
  41  3:58  Zergling x2  
  41  4:00  Overlord  
  44  4:04  Baneling x2  
  44  4:18  Zergling x16  
  52  4:30  Queen  
  52  4:31  Overlord  
  52  4:34  Queen  
  52  4:36  Baneling x2  
  49  4:47  Baneling  
  48  4:54  Overlord  
  48  4:57  Overlord  
  48  4:58  Drone x5  
  50  5:01  Roach Warren  
  50  5:02  Extractor  
  50  5:04  Drone  
  50  5:05  Drone  
  47  5:15  Drone x2  
  47  5:18  Zergling x8  
  53  5:27  Baneling x3  
  53  5:30  Overlord  
  53  5:33  Drone x2  
  53  5:34  Drone  
  55  5:46  Roach, Overlord  
  55  5:47  Roach x2  
  61  5:54  Roach  
  56  5:58  Zergling x4  
  56  5:59  Zergling x8  
  62  6:06  Zergling x4  
  62  6:10  Zergling x4  
  62  6:15  Zergling x2  
  62  6:16  Zergling x4  
  62  6:18  Zergling x4  
  67  6:22  Roach x2  
  71  6:28  Zergling x2  
  71  6:29  Zergling x4  
  74  6:32  Baneling  
  74  6:33  Baneling  
  74  6:34  Zergling x4  
  76  6:42  Zergling x2  
Tags
 
Add a new tag
Caveats
  • Supply blocks, unpowered buildings, or Contaminate may cause inaccurate times.
  • Supply counts are checked every 10 seconds.